General information
- name: BNet
- type: Ladder 1vs1/FFA
- host: Battle.net
- saver: Pascal3000
map: BrokenShard
- players: 2
- length: 136:43
- speed: Fast
- version: 1.22 W3XP
- replay type: Public
» download(437 KB)
Players
team 1 (winner)
Pascal3000 (
red | 71 APM | 9751 actions | 136:43)
8 Archmage
3 Summon Water Elemental
3 Brilliance Aura
1 Blizzard
1 Mass Teleport
7 Mountain King
3 Storm Bolt
3 Thunder Clap
1 Avatar
4 Paladin
2 Holy Light
2 Divine Shield
» actions
| Assign group hotkey | 64 | |
| Basic commands | 25 | |
| Build / train | 374 | |
| ESC pressed | 20 | |
| Enter build submenu | 250 | |
| Enter hero's abilities submenu | 19 | |
| Give item / drop item | 11 | |
| Right click | 4259 | |
| Select / deselect | 2148 | |
| Select group hotkey | 1841 | |
| Use ability | 740 | |
9751 total
» units
| Peasant | 75 | |
| Footman | 11 | |
| Gryphon Rider | 4 | |
| Mortar Team | 2 | |
| Siege Engine | 1 | |
| Sorceress | 3 | |
| Flying Machine | 10 | |
| Dragonhawk Rider | 3 | |
109 total
» upgrades
| Defend | 1 | |
| Masonry | 3 | |
| Lumber Harvesting | 2 | |
| Storm Hammers | 1 | |
| Barrage | 1 | |
| Fragmentation Shards | 1 | |
| Magic Sentry | 1 | |
| Sorceress Training | 1 | |
| Flak Cannons | 1 | |
| Flying Machine Bombs | 1 | |
| Cloud | 1 | |
14 total
» buildings
| Altar of Kings | 3 | |
| Barracks | 1 | |
| Farm | 16 | |
| Scout Tower | 160 | |
| Lumber Mill | 3 | |
| Arcane Tower | 37 | |
| Arcane Vault | 10 | |
| Guard Tower | 87 | |
| Town Hall | 8 | |
| Keep | 2 | |
| Blacksmith | 1 | |
| Castle | 2 | |
| Gryphon Aviary | 11 | |
| Workshop | 7 | |
| Cannon Tower | 8 | |
| Arcane Sanctum | 2 | |
358 total
» build order
00:07 Altar of Kings
00:08 Altar of Kings
00:20 Barracks
00:36 Farm
00:52 Farm
01:44 Farm
03:01 Farm
03:14 Scout Tower
03:39 Lumber Mill
03:43 Arcane Tower
03:45 Arcane Vault
04:57 Arcane Vault
04:59 Arcane Vault
05:03 Scout Tower
05:49 Arcane Tower
05:50 Scout Tower
06:01 Scout Tower
06:02 Scout Tower
06:07 Scout Tower
06:07 Guard Tower
06:09 Scout Tower
06:15 Scout Tower
06:34 Guard Tower
07:00 Guard Tower
07:02 Scout Tower
07:47 Guard Tower
07:49 Scout Tower
08:01 Scout Tower
08:09 Town Hall
08:19 Scout Tower
08:23 Guard Tower
08:27 Guard Tower
08:31 Guard Tower
08:37 Scout Tower
08:44 Guard Tower
08:54 Scout Tower
09:07 Arcane Tower
09:13 Scout Tower
09:27 Scout Tower
09:33 Scout Tower
09:44 Guard Tower
10:06 Guard Tower
10:11 Scout Tower
10:12 Scout Tower
10:32 Guard Tower
10:33 Scout Tower
10:45 Guard Tower
11:08 Guard Tower
11:10 Scout Tower
11:17 Guard Tower
11:20 Keep
11:24 Scout Tower
11:36 Guard Tower
11:38 Scout Tower
12:02 Arcane Tower
12:04 Farm
12:07 Blacksmith
12:10 Guard Tower
12:20 Arcane Vault
12:23 Farm
12:24 Farm
13:26 Scout Tower
13:47 Scout Tower
13:52 Farm
13:54 Castle
14:07 Arcane Tower
15:15 Arcane Tower
15:16 Guard Tower
17:05 Guard Tower
17:15 Arcane Vault
17:27 Scout Tower
17:28 Scout Tower
17:29 Scout Tower
17:30 Scout Tower
17:32 Scout Tower
17:43 Arcane Vault
17:49 Arcane Vault
17:58 Guard Tower
18:00 Arcane Tower
18:02 Scout Tower
18:03 Scout Tower
18:07 Town Hall
18:10 Scout Tower
18:32 Arcane Tower
18:32 Guard Tower
18:35 Guard Tower
18:43 Gryphon Aviary
18:47 Gryphon Aviary
19:10 Gryphon Aviary
19:58 Farm
21:48 Scout Tower
21:50 Scout Tower
21:58 Workshop
22:03 Workshop
22:05 Workshop
22:52 Guard Tower
23:06 Scout Tower
23:38 Guard Tower
23:58 Guard Tower
24:52 Altar of Kings
25:31 Keep
25:36 Arcane Vault
26:30 Scout Tower
26:31 Guard Tower
26:31 Guard Tower
26:32 Guard Tower
26:35 Scout Tower
26:36 Scout Tower
26:40 Scout Tower
26:57 Scout Tower
27:03 Guard Tower
27:04 Guard Tower
27:05 Scout Tower
27:06 Arcane Tower
27:08 Guard Tower
27:11 Scout Tower
27:13 Scout Tower
27:16 Scout Tower
27:27 Guard Tower
29:19 Town Hall
29:21 Guard Tower
29:28 Scout Tower
29:32 Guard Tower
29:32 Arcane Tower
29:34 Scout Tower
29:35 Scout Tower
29:36 Scout Tower
29:46 Scout Tower
30:55 Guard Tower
30:59 Guard Tower
31:01 Scout Tower
31:02 Scout Tower
31:23 Guard Tower
31:23 Guard Tower
31:30 Scout Tower
31:32 Scout Tower
31:37 Arcane Tower
31:41 Scout Tower
32:01 Scout Tower
32:09 Scout Tower
32:26 Scout Tower
32:27 Arcane Tower
32:32 Lumber Mill
32:48 Arcane Tower
32:57 Arcane Tower
34:16 Scout Tower
34:45 Guard Tower
34:47 Scout Tower
34:59 Guard Tower
35:01 Scout Tower
35:02 Scout Tower
35:04 Scout Tower
35:06 Scout Tower
35:07 Scout Tower
35:24 Guard Tower
35:25 Guard Tower
35:27 Guard Tower
35:32 Scout Tower
35:33 Scout Tower
35:34 Scout Tower
35:35 Scout Tower
35:36 Scout Tower
35:37 Scout Tower
35:39 Castle
35:40 Arcane Tower
35:40 Arcane Tower
35:42 Arcane Tower
35:42 Guard Tower
35:43 Guard Tower
36:00 Scout Tower
36:08 Guard Tower
36:53 Arcane Tower
36:54 Arcane Tower
37:51 Scout Tower
37:51 Scout Tower
37:53 Scout Tower
37:57 Scout Tower
38:06 Scout Tower
38:15 Guard Tower
38:16 Scout Tower
38:25 Workshop
38:40 Guard Tower
38:40 Guard Tower
38:41 Arcane Tower
38:49 Arcane Tower
39:00 Cannon Tower
39:05 Scout Tower
39:13 Arcane Tower
39:43 Scout Tower
39:45 Scout Tower
39:46 Scout Tower
39:49 Scout Tower
39:50 Scout Tower
39:51 Scout Tower
40:09 Scout Tower
40:11 Scout Tower
40:12 Arcane Tower
40:12 Arcane Tower
40:14 Scout Tower
40:22 Guard Tower
40:24 Scout Tower
40:25 Scout Tower
40:29 Scout Tower
40:30 Guard Tower
40:58 Town Hall
41:04 Guard Tower
41:10 Scout Tower
41:11 Scout Tower
41:12 Scout Tower
41:15 Scout Tower
41:17 Scout Tower
41:18 Scout Tower
41:19 Scout Tower
41:20 Scout Tower
41:26 Farm
41:27 Farm
41:28 Farm
41:29 Farm
41:44 Guard Tower
41:46 Scout Tower
41:47 Scout Tower
41:48 Scout Tower
41:50 Arcane Tower
41:50 Guard Tower
41:54 Scout Tower
41:55 Guard Tower
41:56 Guard Tower
41:58 Scout Tower
42:00 Scout Tower
42:01 Scout Tower
42:16 Guard Tower
42:21 Lumber Mill
42:24 Guard Tower
42:38 Guard Tower
43:32 Scout Tower
43:36 Town Hall
44:13 Scout Tower
44:14 Scout Tower
44:15 Scout Tower
44:17 Scout Tower
44:20 Scout Tower
44:24 Scout Tower
44:29 Guard Tower
44:29 Arcane Tower
44:30 Guard Tower
44:44 Guard Tower
44:45 Guard Tower
44:46 Guard Tower
44:46 Arcane Tower
44:48 Scout Tower
44:49 Scout Tower
44:52 Guard Tower
44:54 Scout Tower
45:39 Arcane Tower
45:39 Guard Tower
45:39 Guard Tower
46:41 Scout Tower
46:43 Scout Tower
46:45 Arcane Tower
46:54 Cannon Tower
46:55 Arcane Vault
49:31 Town Hall
49:40 Scout Tower
49:42 Scout Tower
49:43 Scout Tower
49:51 Scout Tower
50:55 Guard Tower
50:56 Scout Tower
50:56 Scout Tower
50:57 Scout Tower
52:28 Guard Tower
52:30 Scout Tower
52:32 Scout Tower
52:35 Scout Tower
52:37 Scout Tower
52:39 Scout Tower
52:39 Scout Tower
52:57 Cannon Tower
53:02 Town Hall
53:03 Guard Tower
53:08 Arcane Tower
53:10 Scout Tower
53:11 Scout Tower
53:44 Arcane Tower
53:45 Guard Tower
54:11 Arcane Tower
54:11 Guard Tower
54:14 Guard Tower
54:15 Scout Tower
54:19 Cannon Tower
54:21 Scout Tower
54:22 Scout Tower
54:24 Guard Tower
54:28 Scout Tower
54:29 Scout Tower
55:02 Arcane Tower
55:02 Guard Tower
55:04 Scout Tower
55:05 Scout Tower
55:07 Scout Tower
55:08 Scout Tower
55:15 Guard Tower
55:56 Guard Tower
56:10 Cannon Tower
56:28 Arcane Tower
56:30 Scout Tower
56:31 Guard Tower
56:32 Scout Tower
57:47 Cannon Tower
57:47 Arcane Tower
57:49 Gryphon Aviary
57:50 Gryphon Aviary
59:05 Gryphon Aviary
59:11 Scout Tower
59:12 Scout Tower
59:21 Arcane Sanctum
59:39 Guard Tower
60:06 Guard Tower
60:07 Scout Tower
60:08 Scout Tower
60:10 Scout Tower
60:11 Scout Tower
61:04 Arcane Tower
61:05 Guard Tower
61:06 Scout Tower
61:07 Scout Tower
62:22 Cannon Tower
62:23 Cannon Tower
62:23 Guard Tower
62:24 Guard Tower
62:25 Scout Tower
62:27 Scout Tower
62:27 Scout Tower
63:20 Guard Tower
63:23 Arcane Vault
63:26 Workshop
63:27 Guard Tower
65:23 Scout Tower
65:25 Scout Tower
65:27 Workshop
65:29 Workshop
65:32 Arcane Sanctum
66:33 Guard Tower
66:37 Gryphon Aviary
66:38 Gryphon Aviary
66:39 Gryphon Aviary
66:41 Gryphon Aviary
66:42 Gryphon Aviary
67:42 Farm
67:43 Farm
67:57 Scout Tower
67:58 Scout Tower
67:59 Scout Tower
68:11 Farm
68:50 Guard Tower
69:27 Arcane Tower
69:28 Guard Tower
81:01 Town Hall
» items
| Lesser Clarity Potion | 6 | |
| Scroll of Regeneration | 13 | |
| Scroll of Town Portal | 13 | |
| Boots of Speed | 2 | |
| Potion of Healing | 16 | |
| Ivory Tower | 18 | |
| Staff of Sanctuary | 3 | |
| Potion of Mana | 10 | |
| Scroll of Protection | 1 | |
| Scroll of Healing | 1 | |
| Potion of Lesser Invulnerability | 1 | |
| Staff of Teleportation | 1 | |
| Tome of Retraining | 1 | |
| Periapt of Vitality | 1 | |
87 total
team 2 (loser)
DeN- (
teal | 81 APM | 11086 actions | 136:14)
9 Demon Hunter
3 Mana Burn
3 Evasion
1 Metamorphosis
2 Immolation
8 Naga Sea Witch
3 Frost Arrows
3 Forked Lightning
1 Tornado
1 Mana Shield
» actions
| Assign group hotkey | 99 | |
| Basic commands | 46 | |
| Build / train | 172 | |
| ESC pressed | 9 | |
| Enter build submenu | 32 | |
| Enter hero's abilities submenu | 20 | |
| Give item / drop item | 19 | |
| Remove unit from queue | 1 | |
| Right click | 5169 | |
| Select / deselect | 2063 | |
| Select group hotkey | 2838 | |
| Use ability | 618 | |
11086 total
» units
| Wisp | 38 | |
| Archer | 4 | |
| Dryad | 18 | |
| Druid of the Claw | 18 | |
| Chimaera | 5 | |
83 total
» upgrades
| Abolish Magic | 1 | |
| Druid of the Claw Training | 2 | |
| Mark of the Claw | 1 | |
| Strength of the Wild | 3 | |
| Reinforced Hides | 3 | |
| Corrosive Breath | 1 | |
11 total
» buildings
| Altar of Elders | 2 | |
| Moon Well | 9 | |
| Ancient of War | 1 | |
| Tree of Ages | 1 | |
| Hunter's Hall | 1 | |
| Ancient of Wonders | 2 | |
| Ancient of Lore | 2 | |
| Tree of Life | 6 | |
| Tree of Eternity | 2 | |
| Ancient Protector | 1 | |
| Ancient of Wind | 1 | |
| Chimaera Roost | 3 | |
31 total
» build order
00:05 Altar of Elders
00:06 Altar of Elders
00:18 Moon Well
01:44 Ancient of War
02:12 Tree of Ages
02:22 Moon Well
02:58 Hunter's Hall
03:14 Moon Well
03:39 Ancient of Wonders
04:39 Ancient of Lore
05:35 Ancient of Lore
08:32 Tree of Life
09:50 Tree of Eternity
09:50 Tree of Eternity
10:12 Moon Well
14:20 Tree of Life
18:11 Moon Well
18:38 Tree of Life
20:03 Moon Well
20:07 Moon Well
21:30 Tree of Life
25:40 Tree of Life
30:53 Ancient of Wonders
34:46 Ancient Protector
57:48 Ancient of Wind
58:57 Chimaera Roost
58:58 Chimaera Roost
59:00 Chimaera Roost
61:51 Tree of Life
63:38 Moon Well
64:22 Moon Well
» items
| Boots of Speed | 2 | |
| Potion of Healing | 16 | |
| Staff of Preservation | 1 | |
| Lesser Clarity Potion | 11 | |
| Scroll of Town Portal | 6 | |
| Orb of Venom | 2 | |
| Anti-magic Potion | 2 | |
| Potion of Mana | 5 | |
| Staff of Teleportation | 1 | |
| Dust of Appearance | 3 | |
49 total
Chat log
(00:11 / All) DeN-: hi
(00:13 / All) Pascal3000: hi
(00:14 / All) DeN-: gl
(00:14 / All) Pascal3000: gl hf
(00:41 / All) DeN-: u good?
(00:45 / All) Pascal3000: think so
(00:48 / All) DeN-: k
(00:59 / All) Pascal3000: you?
(01:02 / All) DeN-: not think so
(01:04 / All) DeN-: ^
(01:05 / All) Pascal3000: =D
(01:21 / All) Pascal3000: from?
(01:23 / All) DeN-: ru
(01:26 / All) Pascal3000: k
(01:28 / All) DeN-: u
(01:29 / All) DeN-: ?
(01:30 / All) Pascal3000: ger
(01:32 / All) DeN-: k
(02:15 / All) DeN-: u lose peon? :D
(02:20 / All) Pascal3000: yeah
(02:28 / All) Pascal3000: didnt pay attention
(04:14 / All) DeN-: if i make fast tech?
(04:24 / All) Pascal3000: so?
(04:29 / All) DeN-: dunno
(06:20 / All) DeN-: hate this
(06:22 / All) Pascal3000: why?
(06:25 / All) Pascal3000: i hate this too
(06:29 / All) DeN-: ;p
(07:51 / All) Pascal3000: fsf
(07:56 / All) DeN-: ?
(07:59 / All) DeN-: y)
(08:12 / All) Pascal3000: really bad game
(08:15 / All) DeN-: )
(09:40 / All) DeN-: u now its my lose
(09:44 / All) Pascal3000: no
(10:02 / All) Pascal3000: shouldnt be
(11:01 / All) DeN-: wtfg
(11:07 / All) DeN-: i do teleport
(11:09 / All) DeN-: tt
(16:44 / All) DeN-: omg
(19:03 / All) DeN-: (
(21:04 / All) DeN-: omg
(26:39 / All) DeN-: tt
(28:55 / All) DeN-: tt
(32:06 / All) DeN-: its ffa
(32:08 / All) DeN-: tt
(32:10 / All) Pascal3000: =D
(32:14 / All) DeN-: wanna win
(32:15 / All) Pascal3000: yeah
(32:16 / All) DeN-: but cant
(35:22 / All) DeN-: not make tower
(35:23 / All) DeN-: pls
(35:24 / All) DeN-: :>D
(38:38 / All) DeN-: i thioight u manner hum
(38:38 / All) DeN-: (
(38:46 / All) Pascal3000: i am
(39:10 / All) DeN-: u are not
(39:19 / All) Pascal3000: when was i bad mannered?
(39:25 / All) DeN-: 100 tower
(39:27 / All) DeN-: its manner?
(39:30 / All) Pascal3000: thats just a building
(39:32 / All) Pascal3000: not bad manner
(39:33 / All) DeN-: not think
(39:35 / All) DeN-: lol
(39:37 / All) DeN-: k
(43:33 / All) DeN-: tt
(43:47 / All) DeN-: im tire
(43:48 / All) DeN-: d
(43:53 / All) Pascal3000: lol already??
(43:57 / All) DeN-: y
(44:00 / All) Pascal3000: still a short game
(44:01 / All) DeN-: u real lamer
(44:24 / All) DeN-: mda
(45:23 / All) Pascal3000: wtf
(45:35 / All) Pascal3000: told them not to go
(47:10 / All) Pascal3000: how much gold you have?
(47:15 / All) DeN-: 3k
(47:22 / All) Pascal3000: cool
(47:27 / All) DeN-: u?
(47:28 / All) DeN-: 10?
(47:29 / All) DeN-: 15?
(47:32 / All) Pascal3000: yeah
(50:41 / All) DeN-: fu
(50:53 / All) Pascal3000: now youre being badmannered
(51:07 / All) DeN-: u are fucking gay how i can be mannered?
(52:44 / All) DeN-: u are enjoy?
(52:46 / All) Pascal3000: yes
(52:49 / All) DeN-: ;p
(52:54 / All) Pascal3000: i love this
(53:00 / All) DeN-: u lucky
(53:06 / All) Pascal3000: why?
(53:12 / All) DeN-: i not enjoy this
(53:14 / All) DeN-: i leave soon
(53:14 / All) Pascal3000: =D
(53:18 / All) Pascal3000: haha
(53:20 / All) Pascal3000: you lose to towers?
(53:21 / All) DeN-: just because must go
(53:25 / All) Pascal3000: with lvl 6 dh?
(53:25 / All) DeN-: not think
(53:30 / All) DeN-: 8lvl
(53:35 / All) DeN-: ;p
(53:38 / All) Pascal3000: i mean, after lvl 6 its auto-win
(53:41 / All) Pascal3000: ´hahahaha
(53:42 / All) DeN-: k
(53:43 / All) Pascal3000: you suck
(53:46 / All) DeN-: not
(53:54 / All) Pascal3000: yeah you do
(54:00 / All) DeN-: sux just who make mass towers
(54:08 / All) Pascal3000: sux just who lost
(54:20 / All) DeN-: not real =\
(54:25 / All) Pascal3000: ya rly
(55:07 / All) DeN-: go mass tanks
(55:10 / All) Pascal3000: no
(55:11 / All) DeN-: u win easy
(55:13 / All) Pascal3000: i want to keep playing
(55:20 / All) DeN-: its not intresting
(55:22 / All) DeN-: win me
(55:25 / All) DeN-: and thats all
(55:32 / All) Pascal3000: i think its funny
(55:40 / All) Pascal3000: you do your unit, i do mine
(55:54 / All) DeN-: its not "+" 4 u
(56:02 / All) Pascal3000: what?
(56:44 / All) Pascal3000: hope you learn from this
(56:48 / All) Pascal3000: always go panda 2nd
(56:57 / All) DeN-: never
(56:59 / All) Pascal3000: why?
(57:04 / All) DeN-: cos
(57:06 / All) Pascal3000: you wouldve won by now
(58:02 / All) Pascal3000: how many expos did you have this game?
(58:07 / All) Pascal3000: 2
(58:10 / All) Pascal3000: how many did i have?
(58:11 / All) Pascal3000: 4
(58:21 / All) Pascal3000: How much upkeep did you have
(58:24 / All) DeN-: and...? u want to say i must leave?
(58:25 / All) Pascal3000: 70%?°
(58:32 / All) Pascal3000: How much did i have?
(58:34 / All) Pascal3000: 100%
(58:38 / All) Pascal3000: Basic maths
(58:45 / All) Pascal3000: you dont have to
(58:52 / All) Pascal3000: please stay
(58:54 / All) Pascal3000: im having fun =D
(59:00 / All) Pascal3000: FOR MOTHER RUSSIA RAWR
(59:33 / All) Pascal3000: gold? =D
(59:40 / All) DeN-: 10
(59:43 / All) Pascal3000: k?
(59:46 / All) DeN-: no
(59:50 / All) Pascal3000: lawl
(59:58 / All) Pascal3000: guess how much i have
(60:13 / All) Pascal3000: you have 3 guesses
(60:16 / All) Pascal3000: 1?
(60:19 / All) DeN-: ?
(60:23 / All) DeN-: not understand
(60:24 / All) Pascal3000: how much gold do i have?
(60:28 / All) DeN-: 10 gold
(60:30 / All) DeN-: now 100
(60:33 / All) Pascal3000: ME
(60:34 / All) DeN-: not "k"
(60:37 / All) Pascal3000: I say higher or lower
(60:38 / All) DeN-: ah
(60:45 / All) Pascal3000: give me a number
(60:45 / All) DeN-: and
(60:46 / All) Pascal3000: hit me
(60:49 / All) DeN-: lol
(60:52 / All) DeN-: i can say
(60:53 / All) DeN-: fu
(60:58 / All) Pascal3000: fu is not the right number
(60:59 / All) Pascal3000: its higher
(61:09 / All) Pascal3000: 2nd guess?
(61:14 / All) DeN-: wtf guess?
(61:19 / All) Pascal3000: google it
(61:21 / All) DeN-: not understand i say
(61:44 / All) Pascal3000: ??????
(62:10 / All) Pascal3000: ugadat1
(62:16 / All) Pascal3000: is that a word?
(62:32 / All) Pascal3000: yes?
(62:48 / All) Pascal3000: hello?
(62:50 / All) Pascal3000: ugadat1
(63:18 / All) Pascal3000: guess = ugadat1
(63:24 / All) DeN-: oh
(63:28 / All) DeN-: main
(63:30 / All) DeN-: mb?
(63:33 / All) Pascal3000: main?
(63:33 / All) DeN-: so easy?
(63:39 / All) Pascal3000: what?
(63:44 / All) DeN-: main
(63:46 / All) DeN-: its
(63:52 / All) DeN-: main build ;/
(64:34 / All) Pascal3000: mhh
(64:38 / All) DeN-: ;p
(64:39 / All) Pascal3000: 6000 left vs 11k left
(64:45 / All) DeN-: n1
(64:51 / All) Pascal3000: and i still have 15k gold
(64:57 / All) Pascal3000: so thats alot more
(64:58 / All) DeN-: u start make units?
(65:01 / All) DeN-: not intrestin
(65:02 / All) Pascal3000: no
(65:02 / All) DeN-: g
(65:47 / All) DeN-: t
(65:50 / All) DeN-: tp need)
(65:56 / All) Pascal3000: lol gj
(67:22 / All) Pascal3000: wow, good idea
(67:28 / All) DeN-: no(
(67:31 / All) Pascal3000: after 1 hour you stopped going only bears and dryads
(67:36 / All) DeN-: :D
(68:34 / All) DeN-: no make units
(68:35 / All) DeN-: (
(68:39 / All) Pascal3000: no, why
(68:49 / All) DeN-: that have fun
(68:55 / All) Pascal3000: you, cause they will all die
(68:56 / All) Pascal3000: dh
(69:51 / All) Pascal3000: =D
(69:53 / All) Pascal3000: didnt you have to go
(71:24 / All) DeN-: (
(72:31 / All) DeN-: give me win
(72:35 / All) Pascal3000: lol
(72:38 / All) DeN-: (
(72:45 / All) Pascal3000: why would i?
(72:55 / All) Pascal3000: earn your win =D
(73:07 / All) DeN-: u mustn't
(73:08 / All) DeN-: but
(73:11 / All) DeN-: i please just
(73:17 / All) Pascal3000: lawl
(73:18 / All) Pascal3000: no
(73:23 / All) DeN-: why
(73:27 / All) Pascal3000: why would i do it?
(74:42 / All) DeN-: gold?
(74:46 / All) Pascal3000: 7000
(74:56 / All) Pascal3000: and 6000 in mine
(75:01 / All) Pascal3000: so 13k
(75:02 / All) DeN-: hm
(75:31 / All) DeN-: cheater
(75:33 / All) DeN-: ;p
(75:35 / All) Pascal3000: i was just searching
(76:04 / All) Pascal3000: normal place to hide
(76:05 / All) DeN-: what then?
(76:14 / All) Pascal3000: theres only 4 corners, and thats the safest one
(76:20 / All) DeN-: lol
(76:29 / All) Pascal3000: and they werent in your base
(76:43 / All) DeN-: what then u do?
(76:46 / All) DeN-: lag pls
(76:47 / All) DeN-: ;p
(76:48 / All) Pascal3000: killed them
(76:53 / All) Pascal3000: ofc =D
(76:54 / All) DeN-: go
(76:57 / All) Pascal3000: go?
(77:01 / All) DeN-: y
(77:06 / All) Pascal3000: attack?
(77:07 / All) Pascal3000: no
(77:08 / All) DeN-: without takns...
(77:10 / All) DeN-: :P
(77:12 / All) Pascal3000: dh kills gyros
(77:20 / All) DeN-: hm
(77:24 / All) Pascal3000: too risky
(77:27 / All) DeN-: just mana bearn
(77:30 / All) DeN-: k?
(78:09 / All) DeN-: just 1 hero?
(78:12 / All) DeN-: not good
(78:13 / All) Pascal3000: ye
(78:20 / All) Pascal3000: 1 hero isnt good
(78:23 / All) Pascal3000: =D
(78:31 / All) Pascal3000: youre right
(78:34 / All) DeN-: i mean
(78:40 / All) DeN-: i go attack =\
(78:43 / All) DeN-: him
(79:42 / All) Pascal3000: so what are you gonna do?
(79:53 / All) DeN-: nothink
(79:53 / All) Pascal3000: you know what you have to do to win the game?
(80:01 / All) Pascal3000: you have to kill the towers
(80:11 / All) Pascal3000: shitnoob, bitnoob, think you better quit noob
(80:21 / All) DeN-: ?
(80:51 / All) DeN-: no time
(80:52 / All) DeN-: more
(80:53 / All) Pascal3000: =D
(80:57 / All) DeN-: i think
(80:57 / All) Pascal3000: thats why you hide tree, right?
(81:00 / All) DeN-: not intresting
(81:04 / All) DeN-: no
(81:06 / All) DeN-: just
(81:11 / All) DeN-: i have no work
(81:22 / All) DeN-: i hope u maybe give win
(81:25 / All) DeN-: but i see
(81:31 / All) DeN-: that its fall
(81:57 / All) Pascal3000: why should i give win?
(82:07 / All) DeN-: u not should
(82:11 / All) DeN-: mb u neednt
(82:22 / All) Pascal3000: ok, do you know what a quiz is?
(82:30 / All) DeN-: no
(82:44 / All) Pascal3000: like on tv
(82:47 / All) Pascal3000: you answer questions
(82:49 / All) Pascal3000: and win money
(82:51 / All) Pascal3000: ok?
(83:01 / All) DeN-: what u mean?)
(83:09 / All) Pascal3000: you know what a question is?
(83:22 / All) DeN-: what u want?)
(83:29 / All) DeN-: i cant understand
(83:34 / All) Pascal3000: Quiz = ?kzamen
(83:36 / All) Pascal3000: i think
(83:46 / All) DeN-: kzamen?
(83:51 / All) Pascal3000: some E thing before that
(83:57 / All) DeN-: ekzamen
(83:58 / All) DeN-: hm
(84:01 / All) DeN-: so?
(84:15 / All) Pascal3000: viktorina
(84:20 / All) DeN-: )
(84:21 / All) Pascal3000: says other translator
(84:42 / All) DeN-: and?
(84:52 / All) Pascal3000: you know Kto hochyet stat millionyerom
(84:53 / All) Pascal3000: =
(84:54 / All) Pascal3000: ?
(84:57 / All) DeN-: y
(85:24 / All) Pascal3000: ok
(85:27 / All) Pascal3000: we will play that
(85:30 / All) Pascal3000: 5 questions
(85:32 / All) Pascal3000: if you get them right
(85:34 / All) Pascal3000: youll get win
(85:35 / All) Pascal3000: ok?
(85:38 / All) DeN-: ..
(85:41 / All) DeN-: i k
(85:42 / All) DeN-: sure
(85:43 / All) Pascal3000: no joke
(85:48 / All) Pascal3000: First Question
(85:52 / All) DeN-: think i cant
(85:55 / All) Pascal3000: Whats the capital of russia?
(86:01 / All) DeN-: moscow
(86:04 / All) Pascal3000: right
(86:06 / All) Pascal3000: Thats 1/5
(86:16 / All) Pascal3000: wait
(86:29 / All) DeN-: i kill u wait lol
(86:44 / All) Pascal3000: ok, thinking of a 2nd question
(87:11 / All) Pascal3000: oK
(87:28 / All) Pascal3000: How many presidents have there been before barack obama?
(87:39 / All) DeN-: oh
(87:40 / All) DeN-: i lose
(87:47 / All) DeN-: mb
(87:51 / All) DeN-: how many time?
(87:53 / All) DeN-: u give me?
(87:54 / All) DeN-: ;p
(88:11 / All) Pascal3000: you get 4 possibilities
(88:14 / All) Pascal3000: a: 15
(88:17 / All) Pascal3000: b: 32
(88:21 / All) Pascal3000: c: 43
(88:24 / All) Pascal3000: d: 96
(88:35 / All) Pascal3000: your pick?
(88:40 / All) Pascal3000: or use google
(88:41 / All) Pascal3000: :P
(88:46 / All) Pascal3000: noob
(88:55 / All) Pascal3000: youre online, right
(89:07 / All) Pascal3000: use google to find it out
(89:10 / All) DeN-: ?
(89:10 / All) Pascal3000: 1/5 questions right
(89:14 / All) DeN-: 43 mb?
(89:17 / All) Pascal3000: yes
(89:19 / All) Pascal3000: 2/5
(89:20 / All) Pascal3000: good job
(89:55 / All) Pascal3000: Question 3: Which famous 4chan meme character is widely known for his passion for underage children
(90:00 / All) Pascal3000: A: Epic Fail Guy
(90:04 / All) Pascal3000: B: Pedobear
(90:10 / All) Pascal3000: C: Bear_And
(90:13 / All) DeN-: ..
(90:16 / All) Pascal3000: D: Phreak
(90:23 / All) Pascal3000: whats your pick?
(90:31 / All) Pascal3000: you still have your jokers you know
(90:33 / All) Pascal3000: 50/50 joker
(90:36 / All) Pascal3000: phone joker
(90:39 / All) Pascal3000: ok
(90:41 / All) Pascal3000: =D
(90:46 / All) DeN-: i dont understand real=)
(91:08 / All) Pascal3000: 50/50 joker?
(91:14 / All) DeN-: no
(91:20 / All) Pascal3000: not using it yet?
(91:25 / All) DeN-: no
(91:27 / All) Pascal3000: ok
(91:27 / All) Pascal3000: =D
(91:39 / All) DeN-: widely
(91:42 / All) DeN-: what is it?)
(92:14 / All) Pascal3000: very famous
(92:20 / All) Pascal3000: doenst matter
(92:21 / All) DeN-: u not give me win i know
(92:24 / All) DeN-: ^
(92:32 / All) Pascal3000: only if you win the quiz
(92:39 / All) DeN-: not think
(92:46 / All) Pascal3000: you have to win it first
(92:49 / All) DeN-: that after this u give me win
(92:51 / All) Pascal3000: 2/5
(92:54 / All) Pascal3000: yeah
(93:04 / All) Pascal3000: 2/5
(93:15 / All) DeN-: 50/50
(93:16 / All) DeN-: g
(93:18 / All) Pascal3000: ok
(93:24 / All) Pascal3000: B: pedobear
(93:27 / All) Pascal3000: or D: phreak
(93:29 / All) DeN-: D
(93:38 / All) Pascal3000: use google man
(93:49 / All) Pascal3000: you want to win, right=
(93:51 / All) DeN-: i not understand questions =)
(93:57 / All) DeN-: i cant
(93:59 / All) DeN-: answer
(94:04 / All) Pascal3000: google the names
(94:06 / All) DeN-: bad english=)
(94:23 / All) Pascal3000: ok, you have to answer 4 out of 5, ok
(94:25 / All) Pascal3000: D is wrong
(94:31 / All) Pascal3000: you still have a chance
(94:36 / All) Pascal3000: 4th question
(95:11 / All) Pascal3000: on which red hot chili peper album can you find the song "minor thing"
(95:13 / All) Pascal3000: HEI DAN
(95:19 / All) Pascal3000: use google and search for it
(95:44 / All) Pascal3000: hello?
(96:06 / All) DeN-: by the way
(96:28 / All) Pascal3000: correct
(96:36 / All) Pascal3000: final questioN
(96:59 / All) Pascal3000: write out PI
(97:06 / All) DeN-: pi?
(97:09 / All) Pascal3000: google PI
(97:26 / All) DeN-: what is it PI?
(97:33 / All) Pascal3000: its a number
(97:47 / All) DeN-: number of?
(98:49 / All) Pascal3000: try wikipedia
(98:50 / All) Pascal3000: pi
(99:12 / All) DeN-: hm
(99:22 / All) DeN-: can u write so correct question?
(99:25 / All) Pascal3000: http://ru.wikipedia.org/wiki/Pi
(99:31 / All) DeN-: ye i know this
(99:36 / All) DeN-: wikipedi
(99:38 / All) Pascal3000: Write out the number PI
(99:41 / All) Pascal3000: thats the question
(99:52 / All) Pascal3000: Or
(99:57 / All) Pascal3000: whats the whole number PI?
(100:00 / All) Pascal3000: as a question
(100:39 / All) Pascal3000: youre gonna try to answer?
(100:49 / All) DeN-: hm
(100:58 / All) DeN-: if i right understand u
(101:08 / All) DeN-: u mean
(101:09 / All) DeN-: 3.14?
(101:14 / All) Pascal3000: yeah, but its longer
(101:27 / All) DeN-: i not looking wickipedia(
(101:30 / All) Pascal3000: OK
(101:33 / All) Pascal3000: so youre wrong
(101:37 / All) DeN-: i just trying understand(
(101:37 / All) Pascal3000: but i give you a second chance
(101:40 / All) Pascal3000: to win the game
(101:43 / All) Pascal3000: ok?
(101:46 / All) DeN-: k
(101:57 / All) Pascal3000: if you write "TOWA" 50 times, ill let you win
(102:02 / All) Pascal3000: just 1 word
(102:03 / All) Pascal3000: 50 times
(102:06 / All) Pascal3000: and you get win
(102:09 / All) DeN-: sure
(102:16 / All) DeN-: u not give
(102:19 / All) Pascal3000: no
(102:27 / All) DeN-: i lag
(102:28 / All) Pascal3000: i promise if you write TOWA 50 times
(102:28 / All) DeN-: and
(102:33 / All) DeN-: leave(
(102:34 / All) DeN-: i know
(102:36 / All) DeN-: this
(102:37 / All) Pascal3000: no
(102:39 / All) DeN-: yes
(102:42 / All) DeN-: u do this
(102:44 / All) Pascal3000: you can do it slow, then you wont disc
(102:44 / All) DeN-: towa
(102:46 / All) Pascal3000: 1
(102:50 / All) DeN-: towa
(102:51 / All) Pascal3000: 2
(102:53 / All) DeN-: towa
(102:53 / All) Pascal3000: g
(102:54 / All) Pascal3000: gl
(102:54 / All) DeN-: towa
(102:56 / All) DeN-: towa
(102:57 / All) DeN-: towa
(102:59 / All) DeN-: 5
(103:02 / All) DeN-: towa
(103:03 / All) DeN-: towa
(103:04 / All) DeN-: towa
(103:05 / All) DeN-: towa
(103:06 / All) DeN-: towa
(103:07 / All) DeN-: 10
(103:15 / All) DeN-: towa
(103:16 / All) DeN-: towa
(103:17 / All) DeN-: towa
(103:18 / All) DeN-: towa
(103:18 / All) DeN-: towa
(103:19 / All) DeN-: 15
(103:35 / All) DeN-: towa
(103:36 / All) DeN-: towa
(103:37 / All) DeN-: towa
(103:38 / All) DeN-: towa
(103:39 / All) DeN-: towa
(103:40 / All) DeN-: 20
(103:45 / All) DeN-: towa
(103:46 / All) DeN-: towa
(103:47 / All) DeN-: towa
(103:48 / All) DeN-: towa
(103:49 / All) DeN-: towa
(103:50 / All) DeN-: 25
(103:57 / All) DeN-: towa
(103:57 / All) DeN-: towa
(103:58 / All) DeN-: towa
(103:59 / All) DeN-: towa
(104:00 / All) DeN-: towa
(104:01 / All) DeN-: 30
(104:09 / All) DeN-: towa
(104:10 / All) DeN-: towa
(104:11 / All) DeN-: towa
(104:11 / All) DeN-: towa
(104:12 / All) DeN-: towa
(104:14 / All) DeN-: towa
(104:14 / All) DeN-: towa
(104:15 / All) DeN-: towa
(104:16 / All) DeN-: towa
(104:17 / All) DeN-: towa
(104:27 / All) DeN-: towa
(104:27 / All) DeN-: towa
(104:28 / All) DeN-: towa
(104:29 / All) DeN-: towa
(104:30 / All) DeN-: towa
(104:31 / All) DeN-: towa
(104:32 / All) DeN-: towa
(104:33 / All) DeN-: towa
(104:34 / All) DeN-: towa
(104:34 / All) DeN-: towa
(104:35 / All) DeN-: towa
(104:36 / All) DeN-: towa
(104:40 / All) DeN-: 50
(104:44 / All) Pascal3000: Wait
(104:46 / All) DeN-: thants all ^
(104:47 / All) Pascal3000: dont you need 1 more?
(104:55 / All) DeN-: not think
(105:10 / All) Pascal3000: youre sure, i think i counted 49, and if you get it wrong, youve lost
(105:31 / All) Pascal3000: ok
(105:37 / All) Pascal3000: now decide, 1 more or not
(105:38 / All) Pascal3000: 10
(105:39 / All) Pascal3000: 9
(105:40 / All) Pascal3000: 8
(105:42 / All) Pascal3000: 7
(105:43 / All) Pascal3000: 6
(105:44 / All) Pascal3000: 5
(105:45 / All) Pascal3000: 4
(105:46 / All) Pascal3000: 3
(105:50 / All) Pascal3000: last chane for a tow
(105:51 / All) Pascal3000: 2
(105:52 / All) Pascal3000: 1
(105:55 / All) Pascal3000: OHHHHHHHHHHHHHM
(105:57 / All) Pascal3000: you lsot
(106:00 / All) Pascal3000: that was 49
(106:00 / All) DeN-: really?
(106:04 / All) DeN-: u dont right
(106:07 / All) DeN-: ...
(106:45 / All) Pascal3000: try killing some towers?
(106:50 / All) Pascal3000: ill not attack you with heros
(106:51 / All) DeN-: why
(106:56 / All) DeN-: and?
(106:59 / All) Pascal3000: cause if you want to win, you got to kill them
(107:07 / All) DeN-: sure
(107:09 / All) DeN-: u not give
(107:10 / All) DeN-: !!!
(107:15 / All) DeN-: i know it in start
(107:18 / All) Pascal3000: you didnt get it right
(107:22 / All) DeN-: im right
(107:25 / All) DeN-: always
(107:25 / All) Pascal3000: no cheating man
(107:29 / All) DeN-: sure
(107:34 / All) DeN-: u real unmanner
(107:35 / All) Pascal3000: well, theres one thing you werent right with
(107:39 / All) Pascal3000: not going panda
(107:50 / All) DeN-: panda sux vs hum
(107:52 / All) Pascal3000: naga is really helpfull, right?
(107:53 / All) DeN-: look replays
(107:54 / All) Pascal3000: LOL
(107:55 / All) DeN-: goodgame.ru
(107:58 / All) Pascal3000: lol
(108:03 / All) DeN-: naga not good
(108:05 / All) DeN-: but panda
(108:07 / All) DeN-: this real lol
(108:20 / All) Pascal3000: look replays.net, wcreplays.com, mymym.com, skgaming.com, replayers.com
(108:26 / All) Pascal3000: youll see, panda for the win
(108:34 / All) Pascal3000: go out of the russian shitsite
(108:38 / All) DeN-: sure
(108:49 / All) Pascal3000: seriously, noone plays naga anymore
(108:55 / All) DeN-: russian player
(108:55 / All) DeN-: s
(108:57 / All) DeN-: better
(108:58 / All) DeN-: ger
(109:00 / All) DeN-: ^^
(109:01 / All) Pascal3000: LOL
(109:03 / All) DeN-: so u say this
(109:12 / All) Pascal3000: happy is the only good player at the moment
(109:14 / All) Pascal3000: maybe xyligan
(109:27 / All) DeN-: xyligan not rus
(109:36 / All) Pascal3000: not
(109:39 / All) Pascal3000: what is he?
(109:44 / All) DeN-: ukr
(109:46 / All) Pascal3000: always thought he was russian
(109:48 / All) Pascal3000: lol, no
(109:51 / All) DeN-: yes
(109:52 / All) Pascal3000: hot is ukr
(109:55 / All) DeN-: i know this
(109:56 / All) DeN-: ^
(110:05 / All) DeN-: u lost viktorine
(110:05 / All) DeN-: :D
(110:14 / All) Pascal3000: Mihail Ryabkov
(110:23 / All) Pascal3000: Russian Federation
(110:29 / All) Pascal3000: Mihail "XyLigan" Ryabkov
(110:30 / All) DeN-: just
(110:33 / All) Pascal3000: Volgograd
(110:36 / All) DeN-: no
(110:38 / All) DeN-: t
(110:46 / All) DeN-: mariupl'
(110:56 / All) Pascal3000: lol
(110:57 / All) Pascal3000: no =D
(111:00 / All) DeN-: y
(111:13 / All) Pascal3000: you think xyligan is so bad that you dont want him in your country?
(111:29 / All) DeN-: not bad
(111:30 / All) DeN-: but
(111:31 / All) DeN-: rule
(111:32 / All) DeN-: real
(111:34 / All) DeN-: deadman
(111:36 / All) DeN-: titan
(111:38 / All) Pascal3000: yeah
(111:42 / All) Pascal3000: Hasuobs
(111:43 / All) Pascal3000: miou
(111:44 / All) Pascal3000: xlord
(111:46 / All) Pascal3000: dark
(111:47 / All) DeN-: xlord
(111:47 / All) Pascal3000: yaws
(111:50 / All) DeN-: not think
(111:50 / All) Pascal3000: corugnoll
(111:58 / All) Pascal3000: hes as good as happy
(112:00 / All) DeN-: they not win wcg^^
(113:27 / All) Pascal3000: you know how much time you wasted for getting 1 loss?
(113:34 / All) Pascal3000: you couldve lost 100 games in this time
(113:37 / All) DeN-: i dont care time
(113:56 / All) Pascal3000: how much wood do you have?
(114:01 / All) DeN-: 6k
(114:04 / All) Pascal3000: shit
(114:05 / All) Pascal3000: you win
(114:15 / All) DeN-: just in wood...
(114:18 / All) DeN-: (
(114:19 / All) Pascal3000: no
(114:23 / All) Pascal3000: overall, you got dh
(114:28 / All) Pascal3000: just use it and kill the towers
(114:30 / All) Pascal3000: i wont stop you
(114:33 / All) DeN-: sure
(114:46 / All) Pascal3000: try killing as many towers as you can without going back
(114:47 / All) DeN-: u wanna that i lose dh? ^^^^
(114:57 / All) Pascal3000: if you get more than 10 i give up
(115:06 / All) Pascal3000: if you wait, you lose over time
(115:10 / All) Pascal3000: so this is your chance
(115:11 / All) DeN-: and?
(115:16 / All) DeN-: i dont care i said
(115:17 / All) Pascal3000: to still win it
(115:21 / All) DeN-: sure
(115:23 / All) DeN-: u not get
(115:25 / All) DeN-: i said
(115:26 / All) DeN-: too
(115:34 / All) DeN-: u just kill me now
(115:36 / All) Pascal3000: 0
(115:36 / All) DeN-: and all
(115:45 / All) Pascal3000: still 0
(115:50 / All) Pascal3000: go ultimate
(115:55 / All) DeN-: cant now
(116:04 / All) Pascal3000: 1
(116:24 / All) DeN-: lolo
(116:26 / All) DeN-: know it
(116:27 / All) Pascal3000: im afk =D
(116:36 / All) Pascal3000: never trust a russian
(116:37 / All) Pascal3000: or something
(116:45 / All) Pascal3000: I think you will learn your lesson
(116:46 / All) Pascal3000: PANDA
(116:50 / All) DeN-: sux
(116:51 / All) DeN-: *
(116:51 / All) DeN-: :D
(116:52 / All) Pascal3000: lol
(116:53 / All) Pascal3000: no
(116:56 / All) DeN-: yes
(116:57 / All) Pascal3000: do you know moon
(116:59 / All) Pascal3000: or remind
(117:00 / All) DeN-: i not win u with panda
(117:03 / All) DeN-: i sux more
(117:04 / All) Pascal3000: or soju
(117:10 / All) DeN-: remind not play panda
(117:12 / All) Pascal3000: it kills towers, and gyros
(117:13 / All) DeN-: i look replays
(117:31 / All) DeN-: now always?
(117:32 / All) DeN-: **
(118:19 / All) DeN-: do u know why i playing this game too much?
(118:25 / All) DeN-: not leave
(118:29 / All) Pascal3000: no
(118:30 / All) DeN-: etc
(118:33 / All) Pascal3000: why?
(118:38 / All) Pascal3000: cause you dont have a live?
(118:44 / All) Pascal3000: cause you ran out of vodka?
(118:48 / All) Pascal3000: cause its cold outside?
(118:50 / All) Pascal3000: tell me
(119:01 / All) Pascal3000: why?
(119:24 / All) Pascal3000: why do you?
(119:44 / All) DeN-: cause i have 749 wins for elf and need 20 exp for 23 lvl
(119:46 / All) DeN-: ^^^^^
(119:49 / All) DeN-: so
(119:51 / All) DeN-: i not
(119:57 / All) Pascal3000: well
(119:59 / All) DeN-: go to bad
(120:01 / All) DeN-: bed*
(120:03 / All) Pascal3000: youre not going to reahc lvl 23 this game
(120:07 / All) Pascal3000: or get your icon
(120:11 / All) Pascal3000: Only noobs go to bed
(120:12 / All) DeN-: ^^
(120:21 / All) Pascal3000: dont forget to take a scroll of protection with you
(120:23 / All) DeN-: u not sleeping?
(120:26 / All) Pascal3000: against nightmares
(120:32 / All) Pascal3000: I do
(120:37 / All) Pascal3000: but In front of my pc
(120:39 / All) DeN-: why just noobs?
(120:42 / All) Pascal3000: i train 23 hours a day
(120:43 / All) DeN-: tt
(120:50 / All) DeN-: and u so nooby?
(120:51 / All) DeN-: why?
(120:58 / All) Pascal3000: I have perfected the art of toweringf
(121:06 / All) Pascal3000: you couldnt beat me from the start
(121:17 / All) Pascal3000: I always had control of what you did
(121:23 / All) Pascal3000: I WANTED you to kill my main
(121:29 / All) Pascal3000: its all mindgames, so you dont leav
(121:35 / All) Pascal3000: so you think you have a chance
(122:36 / All) Pascal3000: hey
(122:40 / All) DeN-: y?
(122:45 / All) Pascal3000: you do know that i can see your aowind, rightt?
(122:54 / All) DeN-: y
(122:58 / All) DeN-: i not hide
(122:59 / All) DeN-: real
(123:00 / All) Pascal3000: why are you hiding then?
(123:18 / All) Pascal3000: heres the last challenge for today
(123:33 / All) DeN-: give me win pls
(123:33 / All) Pascal3000: if your aowing manages to clear all trees on the map that are not in range of my towers
(123:36 / All) Pascal3000: you get win
(123:42 / All) DeN-: lol
(123:43 / All) DeN-: newer
(123:47 / All) Pascal3000: i will
(123:49 / All) Pascal3000: i promise
(123:52 / All) Pascal3000: no joke this time
(123:54 / All) Pascal3000: because if you do
(123:57 / All) DeN-: u fucking bitch
(123:59 / All) Pascal3000: you really deserve the win
(123:59 / All) DeN-: leave
(124:01 / All) DeN-: just
(124:06 / All) DeN-: u say
(124:08 / All) Pascal3000: DEFORESTATION IS YOUR DESTINY
(124:09 / All) DeN-: 3 times
(124:10 / All) DeN-: really
(124:15 / All) DeN-: and?
(124:18 / All) Pascal3000: YOURE A LUMBERJACK
(124:22 / All) Pascal3000: DO YOU FEEL IT INSIDE OF YOU
(124:32 / All) Pascal3000: YOUR WISH TO BE A LUMBERJACK?
(124:37 / All) Pascal3000: do you see the trees falling?
(124:45 / All) Pascal3000: theres only a few hundred left for you to win the game
(124:49 / All) Pascal3000: 1
(124:54 / All) Pascal3000: 2
(124:55 / All) Pascal3000: go on
(125:08 / All) DeN-: fuck i said
(125:14 / All) DeN-: leave and give me win
(125:20 / All) Pascal3000: i even help you
(125:23 / All) Pascal3000: with my workers
(125:24 / All) DeN-: sure
(125:27 / All) Pascal3000: kill some trees and get wood
(125:35 / All) DeN-: u even want sux my dick
(125:36 / All) Pascal3000: on my top expansion
(125:43 / All) Pascal3000: they are all working on it
(125:55 / All) Pascal3000: LUMBERjACK YAY
(127:07 / All) Pascal3000: theres still trees left
(127:14 / All) Pascal3000: in that corner